 Dungeon Crawl Stone Soup version 0.27-a0-1434-g6f15984924 (webtiles) character file.

Game seed: 4238025990025037116

737 nyamberluvr69 the Chopper (level 7, -4/38 HPs)
             Began as a Spriggan Fighter on July 3, 2021.
             Was a Follower of Okawaru.
             Splashed by a jelly's acid (7 damage)
             ... on level 5 of the Dungeon.
             The game lasted 00:12:31 (6401 turns).

nyamberluvr69 the Chopper (Spriggan Fighter)        Turns: 6401, Time: 00:12:31

Health: -4/38      AC: -2    Str: 12    XL:     7   Next: 46%
Magic:  0/8        EV: 18    Int: 10    God:    Okawaru [*.....]
Gold:   162        SH:  6    Dex: 16    Spells: 6/6 levels left

rFire    . . .     SeeInvis +   a - +0 war axe
rCold    . . .     Faith    .   c - +0 buckler
rNeg     . . .     Spirit   +   b - +0 robe
rPois    .         Reflect  .   (helmet restricted)
rElec    .         Harm     .   (no cloak)
rCorr    .         Rampage  .   (gloves unavailable)
Will     +....                  (boots unavailable)
Stlth    +.........             k - amulet of guardian spirit
HPRegen  0.12/turn              (no ring)
MPRegen  0.11/turn              (no ring)

@: corroded, very quick
A: very small, no large weapons, unfitting armour, see invisible, speed 3
a: Renounce Religion, Heroism


You were on level 5 of the Dungeon.
You worshipped Okawaru.
Okawaru was aware of your devotion.
You visited 2 branches of the dungeon, and saw 6 of its levels.

You collected 212 gold pieces.
You spent 50 gold pieces at shops.

Inventory:

Hand Weapons
 a - a +0 war axe (weapon)
Armour
 b - a +0 robe (worn)
 c - a +0 buckler (worn)
Jewellery
 k - an amulet of guardian spirit (around neck)
Scrolls
 f - 5 scrolls of identify {unknown}
 h - a scroll of teleportation {unknown}
 i - a scroll of acquirement {unknown}
 j - 3 scrolls of immolation {unknown}
 l - a scroll of amnesia {unknown}
 n - a scroll of summoning {unknown}
 p - a scroll of fog {unknown}
Potions
 d - 3 potions of heal wounds
 e - a potion of haste {unknown}
 g - a potion of invisibility {unknown}
 m - 2 potions of curing {unknown}
 o - a potion of ambrosia {unknown}


   Skills:
 + Level 4.6 Fighting
 * Level 5.9 Axes
 - Level 4.0 Dodging
 - Level 2.1 Shields


You had 6 spell levels left.
You didn't know any spells.
Your spell library contained the following spells:

 Spells                   Type           Power      Damage    Failure   Level
 Corona                   Hex            0%         N/A       47%         1
 Foxfire                  Conj/Fire      0%         2x1d4     47%         1
 Magic Dart               Conj           0%         1d3       47%         1
 Shock                    Conj/Air       0%         1d3       47%         1
 Call Imp                 Summ           0%         N/A       63%         2
 Ensorcelled Hibernation  Hex/Ice        0%         N/A       63%         2
 Sublimation of Blood     Necr           0%         N/A       63%         2
 Wereblood                Tmut           0%         N/A       63%         2
 Conjure Flame            Conj/Fire      0%         6-21      85%         3
 Gell's Gravitas          Tloc           0%         N/A       85%         3
 Inner Flame              Hex/Fire       0%         N/A       85%         3
 Lesser Beckoning         Tloc           0%         N/A       85%         3
 Mephitic Cloud           Conj/Pois/Air  0%         N/A       85%         3
 Stone Arrow              Conj/Erth      0%         3d7       85%         3
 Swiftness                Air            0%         N/A       85%         3
 Teleport Other           Tloc           0%         N/A       85%         3
 Tukima's Dance           Hex            0%         N/A       85%         3
 Airstrike                Air            0%         N/A       99%         4
 Bolt of Magma            Conj/Fire/Erth 0%         4d4       100%        5
 Summon Hydra             Summ           0%         N/A       100%        7
 Shatter                  Erth           0%         3d5*      100%        9


Dungeon Overview and Level Annotations

Branches:
Dungeon (5/15)             Temple (1/1) D:5

Altars:
Ashenzari
Cheibriados
Dithmenos
Fedhas
Gozag
Hepliaklqana
Kikubaaqudgha
Nemelex Xobeh
Okawaru
Ru
Uskayaw
Vehumet
Wu Jian
Yredelemnul
Zin
The Shining One

Shops:
D:3 !   D:4 *   D:5 (


Innate Abilities, Weirdness & Mutations

You are very small and have problems with some larger weapons.
You are too small for most types of armour.
You have supernaturally acute eyesight. (SInv)
You cover ground extremely quickly. (Speed+++)


Message History

You slash the bullfrog zombie!
The bullfrog zombie is severely damaged.
The bullfrog zombie misses you.
You closely miss the bullfrog zombie.
The bullfrog zombie is severely damaged.
The bullfrog zombie completely misses you. x2
You hit the bullfrog zombie but do no damage.
The bullfrog zombie is severely damaged.
The bullfrog zombie barely misses you. You block the bullfrog zombie's attack.
You slash the bullfrog zombie!
The bullfrog zombie is almost destroyed.
The bullfrog zombie hits you.
You hit the bullfrog zombie.
You destroy the bullfrog zombie!
Okawaru accepts your kill.
Things that are here:
an adder corpse; an iguana corpse You start resting.
Magic restored.
You start resting.
A jelly is nearby!
Found 10 gold pieces.
The jelly quivers.
You hit the jelly.
Your hands burn!
The jelly is lightly wounded.
The jelly hits you.
You are splashed with acid!
You hit the jelly.
Your hands burn!
The jelly is heavily wounded.
The jelly hits you. The acid corrodes you!
You are splashed with acid!
* * * LOW HITPOINT WARNING * * *
You hit the jelly.
Your hands burn!
* * * LOW HITPOINT WARNING * * *
The jelly is severely wounded.
The jelly closely misses you. You block the jelly's attack.
Your shield prevents you from hitting the jelly.
The jelly is severely wounded.
The jelly hits you.
* * * LOW HITPOINT WARNING * * *
You are splashed with acid!
You die...

...>.............#.#.........$
##.####.#....(...#.#..........
....).......... ...##.........
##.....##########.............
.'......# #..†......#...#...#
##......####.###....#$#...#$#.
#......#......#...#...#
#......#.##.#.#..........
#......#.##.#.#@....#...#
#......#.##.# #J...#)#...
######.#.##.# #...#...#..
#.#..#.# #.......... #
#.##.#.# #.....#...
#######.##.#.# #....#$#.
'÷......##.# #...#...#
##########.# #........
.......# #.# .


You could see a jelly.

Vanquished Creatures
  Menkaure (D:4)
  A phantom (D:5)
  2 howler monkeys
  2 bullfrog zombies (D:5)
  2 hounds (D:5)
  A jelly (D:4)
  A bullfrog skeleton (D:5)
  3 iguanas (D:5)
  2 orc wizards (D:5)
  2 hound skeletons
  7 adders
  7 orcs
  7 ball pythons
  5 endoplasms
  2 giant cockroaches
  4 goblins
  3 hobgoblins
  2 jackals (D:4)
  5 quokkas
  6 bats
  2 frilled lizards (D:1)
  8 kobolds
  4 rats
79 creatures vanquished.

Notes
Turn   | Place    | Note
-------+----------+-------------------------------------------
     0 | D:1      | nyamberluvr69 the Spriggan Fighter began the quest for the
                  | Orb.
     0 | D:1      | Reached XP level 1. HP: 11/11 MP: 2/2
   240 | D:1      | Found a faded altar of an unknown god.
   248 | D:1      | Reached skill level 2 in Axes
   256 | D:1      | Reached XP level 2. HP: 16/16 MP: 3/3
  1037 | D:2      | Reached XP level 3. HP: 12/19 MP: 4/4
  2106 | D:3      | Found Qeigagh's Distillery.
  2110 | D:3      | Bought a potion of heal wounds for 50 gold pieces
  2161 | D:3      | Reached skill level 3 in Axes
  2711 | D:4      | Reached XP level 4. HP: 18/24 MP: 2/5
  2816 | D:4      | Found Viont's Assorted Antiques.
  2819 | D:4      | Noticed Menkaure
  2844 | D:4      | Killed Menkaure
  2845 | D:4      | Reached skill level 4 in Axes
  2845 | D:4      | Reached XP level 5. HP: 10/28 MP: 2/6
  3149 | D:4      | Noticed a wyvern
  3888 | D:4      | Noticed a black bear
  4964 | D:4      | Reached XP level 6. HP: 32/33 MP: 7/7
  4995 | D:5      | Entered Level 5 of the Dungeon
  5048 | D:5      | Found a staircase to the Ecumenical Temple.
  5169 | Temple   | Entered the Ecumenical Temple
  5334 | Temple   | Became a worshipper of Warmaster Okawaru
  5355 | D:5      | Noticed a sky beast
  5612 | D:5      | Found Wefago Faich's Antique Weapon Shop.
  5612 | D:5      | Noticed a water moccasin
  5648 | D:5      | Reached skill level 5 in Axes
  5963 | D:5      | Reached XP level 7. HP: 7/37 MP: 2/8
  6340 | D:5      | Reached * piety under Okawaru
  6401 | D:5      | Splashed by a jelly's acid

Illustrated notes

Levels and vault maps discovered:
D:1:      minmay_arrival_three_doors, layout_basic,
          shapermc_ecumenical_altar_starsandcircs
D:2:      layout_basic, serial_curves, eino_curves_04, eino_curves_02,
          columned_hall_lemuel
D:3:      layout_loops_ring, serial_shops, shop
D:4:      layout_gridville, serial_shops, shop_fountains, nrook_mini_vaults,
          chequers_avenue, palyth_stone_intersect, uniq_menkaure
D:5:      cheibrodos_fzero, layout_basic, minmay_temple_entry_tees,
          kennysheep_small_square
Temple:   lightli_temple_of_artemis

Skill      XL: |  1  2  3  4  5  6 |
---------------+-------------------+-----
Axes           | 2 3 4 5 |  5.9
Fighting       | 3 4 |  4.6
Dodging        | |  4.0
Shields        | |  2.1

Action                   |  1- 3 |  4- 6 |  7- 9 || total
-------------------------+-------+-------+-------++-------
Melee: War axe           |   134 |   129 |    38 ||   301
  Use: Potion            |     1 |     1 |       ||     2
 Stab: Sleeping          |     4 |     4 |       ||     8
Armor: Robe              |    19 |    12 |     5 ||    36
Dodge: Dodged            |   130 |   124 |    30 ||   284
Block: Buckler           |    41 |    43 |     7 ||    91

Table legend: (Time is in decaauts)
 A = Elapsed time spent in this place.
 B = Non-inter-level travel time spent in this place.
 C = Inter-level travel time spent in this place.
 D = Time resting spent in this place.
 E = Time spent auto-exploring this place.
 F = Levels seen in this place.
 G = Mean time per level.
                   A        B        C        D        E       F      G
               +--------+--------+--------+--------+--------+-----+--------+
         Total |   5277 |   5216 |     61 |   2269 |   2090 |   6 |  879.5 |
       Dungeon |   5168 |   5115 |     53 |   2269 |   2026 |   5 | 1033.6 |
        Temple |    108 |    101 |      7 |      0 |     64 |   1 |  108.0 |
               +--------+--------+--------+--------+--------+-----+--------+

Top non-repeatable levels by time:
     D:4: 2040 daAuts
     D:5: 1086 daAuts
     D:2: 904 daAuts
     D:1: 640 daAuts
     D:3: 496 daAuts
  Temple: 108 daAuts
